 Dungeon Crawl Stone Soup version 0.28.0-47-ge53b351184 (webtiles) character file.

Game seed: 8597688721955606035

70 Ablot the Cutter (level 4, -3/41 HPs)
             Began as a Gnoll Chaos Knight on May 10, 2022.
             Was a Plaything of Xom.
             Slain by a kobold brigand
             ... wielding a +0 short sword
              (8 damage)
             ... in a sewer.
             The game lasted 00:02:30 (2018 turns).

Ablot the Cutter (Gnoll Chaos Knight)               Turns: 2018, Time: 00:02:32

Health: -3/41      AC:  5    Str: 13    XL:     4   Next: 21%
Magic:  5/5        EV: 12    Int: 11    God:    Xom [...*..]
Gold:   159        SH:  0    Dex: 12    Spells: 5/5 levels left

rFire   . . .      SeeInvis .   a - +0 short sword (chaos)
rCold   . . .      Faith    .   (no shield)
rNeg    . . .      Spirit   .   b - +2 leather armour
rPois   .          Reflect  .   (no helmet)
rElec   .          Harm     .   (no cloak)
rCorr   .          Rampage  .   (no gloves)
Will    .....                   (no boots)
Stlth   +.........              (no amulet)
HPRegen 0.13/turn               m - +4 ring of slaying
MPRegen 0.09/turn               (no ring)

@: slowed, very slow
A: fangs 1, strong nose, distributed training
a: Renounce Religion


You were in a sewer.
You worshipped Xom.
You were a favourite toy of Xom.
You visited 1 branch of the dungeon, and saw 3 of its levels.
You also visited: Sewer.

You collected 159 gold pieces.

Inventory:

Hand Weapons
 a - a +0 short sword of chaos (weapon)
Missiles
 c - 10 poisoned darts (quivered)
 e - 53 stones
 g - 12 bolts
 o - 18 sling bullets
 p - 2 curare-tipped darts
Armour
 b - a +2 leather armour (worn)
Jewellery
 m - a +4 ring of slaying (left hand)
Scrolls
 d - 3 scrolls of teleportation {unknown}
 h - 3 scrolls of vulnerability {unknown}
 j - 3 scrolls of identify {unknown}
 k - a scroll of fog {unknown}
 n - a scroll of enchant weapon {unknown}
Potions
 f - a potion of invisibility {unknown}
 l - a potion of haste {unknown}


   Skills:
 + Level 6.6 Fighting
 + Level 6.6 Short Blades
 + Level 1.0 Long Blades
 + Level 1.0 Axes
 + Level 1.0 Maces & Flails
 + Level 1.0 Polearms
 + Level 1.0 Staves
 + Level 1.0 Slings
 + Level 1.0 Bows
 + Level 1.0 Crossbows
 + Level 1.0 Throwing
 + Level 4.6 Armour
 + Level 2.7 Dodging
 + Level 1.0 Stealth
 + Level 1.0 Shields
 + Level 1.0 Unarmed Combat
 + Level 1.0 Spellcasting
 + Level 0.8 Conjurations
 + Level 0.8 Hexes
 + Level 0.8 Summonings
 + Level 0.8 Necromancy
 + Level 0.8 Translocations
 + Level 0.8 Transmutations
 + Level 0.8 Fire Magic
 + Level 0.8 Ice Magic
 + Level 0.8 Air Magic
 + Level 0.8 Earth Magic
 + Level 0.8 Poison Magic
 + Level 1.1 Invocations
 + Level 1.0 Evocations


You had 5 spell levels left.
You didn't know any spells.
Your spell library contained the following spells:

 Spells                   Type           Power      Damage    Failure   Level
 Slow                     Hex            8%         N/A       28%         1
 Sublimation of Blood     Necr           2%         N/A       38%         2
 Wereblood                Tmut           2%         N/A       38%         2
 Confusing Touch          Hex            2%         N/A       63%         3
 Vampiric Draining        Necr           2%         2d6       63%         3
 Summon Hydra             Summ           1%         N/A       100%        7


Dungeon Overview and Level Annotations

Branches:
Dungeon (3/15)              Sewer (1/1)

Altars:

Annotations:
D:3 2 transporters, Bamboolord's ghost, amateur DsGl


Innate Abilities, Weirdness & Mutations

You have very sharp teeth.
Your uncanny sense of smell can sniff out nearby items.
Your experience applies equally to all skills.


Message History

The kobold brigand is moderately wounded.
The kobold brigand barely misses you.
You puncture the kobold brigand!
The kobold brigand resists with some effort.
The kobold brigand is heavily wounded.
The kobold brigand barely misses you.
You hit the kobold brigand.
The kobold brigand resists with some effort.
The kobold brigand is severely wounded.
The kobold brigand hits you with a +0 short sword.
The kobold closely misses you. The kobold brigand closely misses you.
You hit the kobold brigand but do no damage.
The kobold brigand is severely wounded.
The kobold barely misses you. The kobold brigand barely misses you.
You hit the kobold brigand but do no damage.
The kobold brigand is severely wounded.
The kobold misses you.
The kobold brigand hits you with a +0 short sword!
* * * LOW HITPOINT WARNING * * *
The kobold hits you with a +0 short sword.
* * * LOW HITPOINT WARNING * * *
You hit the kobold brigand.
The kobold brigand is severely wounded.
The kobold brigand hits you with a +0 short sword.
* * * LOW HITPOINT WARNING * * *
The kobold barely misses you.
Unknown command.
You closely miss the kobold brigand. Your bite misses the kobold brigand.
The kobold brigand is severely wounded.
The kobold brigand splashes around in the water.
The kobold hits you with a +0 short sword.
* * * LOW HITPOINT WARNING * * *
Unknown command.
You feel better.
The kobold brigand splashes around in the water.
The kobold hits you with a +0 short sword.
* * * LOW HITPOINT WARNING * * *
The kobold brigand hits you with a +0 short sword!
You die...
Xom cackles wildly!

?≈. .. .!≈ .≈. #.#
#≈# #.# #≈# #.# #≈#
#.# ##≈## ##.##
##.≈≈## ##..K##
####..≈≈.####..≈@.#
≈≈≈≈≈≈.≈.≈≈≈≈≈.K.≈#
####.≈..≈####≈..≈.#
##≈≈≈## ##...##
##≈## ##≈## ∆ #≈#
#)# ∆ ∆ #≈# #≈# ∆
#≈# #≈# ##≈## ##≈##


You could see a kobold brigand and a kobold.

Vanquished Creatures
  2 adders (D:3)
  A dart slug (D:1)
  2 bats
  7 endoplasms
  3 giant cockroaches (D:3)
  A hobgoblin (D:3)
  A quokka (D:1)
  5 ball pythons
  3 frilled lizards
  2 goblins
  7 kobolds
  3 rats
37 creatures vanquished.

Notes
Turn   | Place    | Note
-------+----------+-------------------------------------------
     0 | D:1      | Ablot the Gnoll Chaos Knight began the quest for the Orb.
     0 | D:1      | Reached XP level 1. HP: 23/23 MP: 1/1
   387 | D:1      | Reached XP level 2. HP: 23/29 MP: 2/2
   396 | D:1      | XOM: summons 2 hostile shadow creatures
   598 | D:1      | XOM: god gift: 28 stones
   857 | D:1      | XOM: silly message
  1358 | D:2      | Reached XP level 3. HP: 35/35 MP: 3/3
  1370 | D:2      | Found a faded altar of an unknown god.
  1530 | D:3      | XOM: silly message
  1541 | D:3      | XOM: 1-stop teleportation journey
  1563 | D:3      | Found a transporter.
  1578 | D:3      | Noticed Bamboolord's ghost (amateur DsGl)
  1592 | D:3      | Found a transporter.
  1750 | D:3      | Reached skill level 1 in Invocations
  1800 | D:3      | Reached skill level 1 in Long Blades
  1800 | D:3      | Reached skill level 1 in Axes
  1800 | D:3      | Reached skill level 1 in Maces & Flails
  1800 | D:3      | Reached skill level 1 in Polearms
  1800 | D:3      | Reached skill level 1 in Staves
  1800 | D:3      | Reached skill level 1 in Slings
  1800 | D:3      | Reached skill level 1 in Bows
  1800 | D:3      | Reached skill level 1 in Crossbows
  1800 | D:3      | Reached skill level 1 in Throwing
  1800 | D:3      | Reached skill level 1 in Stealth
  1800 | D:3      | Reached skill level 1 in Shields
  1800 | D:3      | Reached skill level 1 in Unarmed Combat
  1800 | D:3      | Reached skill level 1 in Spellcasting
  1800 | D:3      | Reached skill level 1 in Evocations
  1915 | D:3      | Found a glowing drain.
  1928 | D:3      | Reached XP level 4. HP: 40/41 MP: 5/5
  1929 | Sewer    | Entered a sewer
  1999 | Sewer    | Noticed a kobold brigand
  2017 | Sewer    | HP: 2/41 [kobold/+0 short sword (1)]
  2018 | Sewer    | Slain by a kobold brigand

Illustrated notes

Levels and vault maps discovered:
D:1:      shiori_shiawase, layout_loops_ring, minmay_3d_cube
D:2:      layout_basic, shapermc_ecumenical_altar_totnotflames,
          chequers_serial_rivers_room_b, minmay_goblin_kobold_house
D:3:      layout_loops_corners, gammafunk_ghost_stat_death,
          cheibrodos_sewer_entry_drain, minmay_misc_feat_pillars,
          nicolae_shop_unique_rings, feat_on_display
Sewer:    sewer_co_15_rooms

Skill      XL: |  1  2  3 |
---------------+----------+-----
Invocations    | 1 |  1.1
Long Blades    | 1 |  1.0
Axes           | 1 |  1.0
Maces & Flails | 1 |  1.0
Polearms       | 1 |  1.0
Staves         | 1 |  1.0
Slings         | 1 |  1.0
Bows           | 1 |  1.0
Crossbows      | 1 |  1.0
Throwing       | 1 |  1.0
Stealth        | 1 |  1.0
Shields        | 1 |  1.0
Unarmed Combat | 1 |  1.0
Spellcasting   | 1 |  1.0
Evocations     | 1 |  1.0
Fighting       | |  6.6
Short Blades   | |  6.6
Armour         | |  4.6
Dodging        | |  2.7
Conjurations   | |  0.8
Hexes          | |  0.8
Summonings     | |  0.8
Necromancy     | |  0.8
Translocations | |  0.8
Transmutations | |  0.8
Fire Magic     | |  0.8
Ice Magic      | |  0.8
Air Magic      | |  0.8
Earth Magic    | |  0.8
Poison Magic   | |  0.8

Action                   |  1- 3 |  4- 6 || total
-------------------------+-------+-------++-------
Melee: Short sword       |    73 |    21 ||    94
       Bite              |     6 |     1 ||     7
  Use: Potion            |       |     2 ||     2
 Stab: Paralysed         |     1 |       ||     1
       Sleeping          |     2 |       ||     2
Armor: Leather armour    |    14 |     4 ||    18
Dodge: Dodged            |    34 |    15 ||    49
